 Dungeon Crawl Stone Soup version 0.18-a0-1195-g77a4f03 (console) character file.

1808 utis the Nimble (level 8, -4/49 HPs)
             Began as a Deep Elf Wizard on Jan 29, 2016.
             Slain by a sky beast (6 damage)
             ... on level 6 of the Dungeon.
             The game lasted 00:30:14 (11185 turns).

utis the Nimble (Deep Elf Wizard)                  Turns: 11185, Time: 00:30:15

Health: -4/49      AC:  0    Str:  4      XL:     8   Next: 84%
Magic:  15/19      EV: 14    Int: 26      God:
Gold:   62         SH:  4    Dex: 12 (13) Spells: 6 memorised, 6 levels left

rFire  . . .     SeeInvis .     z - +4 dagger
rCold  . . .     Gourm    .     e - +0 leather armour (curse)
rNeg   . . .     Faith    .     (no shield)
rPois  .         Spirit   .     b - +0 hat
rElec  .         Dismiss  .     (no cloak)
rCorr  .         Reflect  +     (no gloves)
SustAt .         Harm     .     R - +0 pair of boots {Stlth+}
MR     .....                    n - +4 amulet of reflection
Stlth  +++.......               (no ring)
                                (no ring)

@: corroded equipment, not resistant to hostile enchantments, fairly stealthy
A: no striking features
a: no special abilities


You were on level 6 of the Dungeon.
You were near starving.

You visited 1 branch of the dungeon, and saw 6 of its levels.

You collected 234 gold pieces.
You spent 172 gold pieces at shops.

Inventory:

Hand Weapons
 j - a +0 dagger
 y - a +0 short sword
 z - a +4 dagger (weapon)
 H - a +1 dagger of flaming
 N - a +0 hunting sling
Missiles
 g - 204 stones (quivered)
 h - 107 sling bullets
 q - 9 tomahawks
 A - 14 sling bullets of frost
 D - 15 poisoned needles
Armour
 a - a +0 robe
 b - a +0 hat (worn)
 e - a cursed +0 leather armour (worn)
 v - a +2 robe of the Archmagi
 P - a +2 leather armour of fire resistance
 R - a +0 pair of boots of stealth (worn)
Jewellery
 i - an uncursed ring of resist corrosion {unknown}
 n - a +4 amulet of reflection (around neck)
 Q - a +3 ring of evasion {=f, unknown}
Wands
 O - a wand of confusion (22/48)
Scrolls
 f - 2 scrolls of teleportation {!r}
 k - a scroll of noise {unknown}
 p - a scroll of fear {unknown}
 x - 3 scrolls of amnesia {unknown}
 F - a scroll of magic mapping {unknown}
 J - 2 scrolls of enchant armour {unknown}
 K - a scroll of enchant weapon {unknown}
Potions
 l - a potion of heal wounds
 m - a potion of cure mutation {unknown}
 o - 3 potions of curing
 r - 3 potions of might
 s - 3 potions of flight
 u - a potion of berserk rage {unknown}
 w - 2 potions of invisibility {unknown}
 B - a potion of agility {unknown}
 C - a potion of cancellation {unknown}
 M - a potion of poison {unknown}
Books
 c - a book of Minor Magic

   Spells                             Type                      Level
   a - Magic Dart                     Conjuration                  1
   b - Blink                          Translocation                2
   c - Call Imp                       Summoning                    2
   d - Repel Missiles                 Charms/Air                   2
   e - Slow                           Hexes                        2
   f - Conjure Flame                  Conjuration/Fire             3
   g - Mephitic Cloud                 Conjuration/Poison/Air       3
 G - a book of the Sky

   Spells                             Type                      Level
   a - Summon Lightning Spire         Summoning/Air                4
   b - Airstrike                      Air                          4
   c - Silence                        Hexes/Air                    5
   d - Deflect Missiles               Charms/Air                   6
   e - Conjure Ball Lightning         Conjuration/Air              6
   f - Tornado                        Air                          9
 L - a book of Fire

   Spells                             Type                      Level
   a - Ignite Poison                  Fire/Transmutation/Poison    3
   b - Fireball                       Conjuration/Fire             5
   c - Bolt of Fire                   Conjuration/Fire             6
   d - Delayed Fireball               Conjuration/Fire             7
   e - Ring of Flames                 Charms/Fire                  7
Comestibles
 d - 4 bread rations
 t - 5 meat rations
 E - 2 slices of pizza
 I - 3 fruits


   Skills:
 - Level 5.1 Fighting
 + Level 2.0 Short Blades
 - Level 8.2 Dodging
 + Level 3.5 Stealth
 - Level 6.0 Spellcasting
 - Level 3.5 Conjurations
 - Level 3.1 Hexes
 - Level 1.1 Summonings
 - Level 1.1 Translocations
 - Level 2.0 Fire Magic
 - Level 1.2 Air Magic
 - Level 1.5 Poison Magic


You had 6 spell levels left.
You knew the following spells:

 Your Spells              Type           Power        Failure   Level  Hunger
a - Magic Dart            Conj           ####         2%          1    None
b - Call Imp              Summ           ##......     14%         2    None
d - Conjure Flame         Conj/Fire      ###.....     14%         3    None
v - Blink                 Tloc           N/A          14%         2    None
C - Mephitic Cloud        Conj/Pois/Air  ###.....     17%         3    None
Z - Slow                  Hex            ###.....     6%          2    None


Dungeon Overview and Level Annotations

Branches:
Dungeon (6/15)
 Temple: D:4-7

Altars:
Cheibriados
Dithmenos
Fedhas
Kikubaaqudgha
Nemelex Xobeh
Pakellas
Xom
Yredelemnul
The Shining One

Shops:
D:6 [


Message History

Your crimson imp is splashed with acid.
The acid corrodes your crimson imp! Something hits you.
* * * LOW HITPOINT WARNING * * *
Something shocks you.
* * * LOW HITPOINT WARNING * * *
Your crimson imp barely misses the jelly.
You hit something but do no damage. The jelly hits your crimson imp.
Your crimson imp is splashed with acid.
Your crimson imp dies!
Something hits you.
* * * LOW HITPOINT WARNING * * *
Something shocks you.
* * * LOW HITPOINT WARNING * * *
Casting: Call Imp
Confirm with . or Enter, or press ? or * to list all spells.
A beastly little devil appears in a puff of frigid air.
Something hits you.
* * * LOW HITPOINT WARNING * * *
Something shocks you.
You die...

........▓▓▓.▓.......▓.....▓.▓....
▓......▓▓ ▓.▓.▓▓▓.▓.........▓.▓▓▓
▓....▓.▓ ▓.▓.▓ ▓.▓...▓▓▓▓▓▓▓.▓▓▓
▓▓.....▓▓▓▓.▓.▓ ▓......).........
............▓.▓ ▓▓▓...▓..........
▓▓▓▓.▓▓▓▓▓▓▓▓.▓ ▓...▓..........
..............▓ ▓▓▓▓▓..........
......▓▓▓▓▓▓▓▓▓▓▓▓ ▓...........
.......▓......≈Je▓ ▓...........
.......▓..▓▓▓▓▓▓{▓ ▓...........
.......▓▓.^...▓▓5▓ ▓...........
..............▓▓.▓ ▓...........
........▓.....▓▓.▓▓▓▓▓...........
▓....▓..▓.▓'▓........▓...........
▓▓.▓▓▓..▓.▓.▓........▓...........
... ▓..▓.▓.▓....................
▓▓ ▓....▓.▓........▓...........


You could see a jelly and a friendly white imp.

Vanquished Creatures
  Prince Ribbit (D:5)
  Sigmund (D:4)
  Eustachio (D:5)
  A centaur (D:4)
  Blork the orc (D:6)
  3 scorpions
  A crimson imp (D:5)
  3 hounds
  A centaur skeleton (D:4)
  3 orc priests
  A giant frog skeleton (D:5)
  3 orc wizards
  2 worker ants
  Natasha (thrice) (D:3)
  A hound zombie (D:5)
  A hound skeleton (D:5)
  3 gnolls (D:3)
  9 adders
  3 shadow imps
  An adder skeleton (D:4)
  An adder zombie (D:5)
  5 worms
  2 giant geckos
  16 orcs
  A ball python (D:5)
  5 giant cockroaches
  11 goblins
  11 hobgoblins
  5 quokkas
  11 bats
  2 giant gecko skeletons
  5 giant newts
  6 kobolds
  5 rats
129 creatures vanquished.

Vanquished Creatures (collateral kills)
  The ghost of Duffy the Skirmisher, a novice VSAs (D:5)
  Grinder (D:4)
  An ogre (D:5)
  A giant frog skeleton (D:5)
4 creatures vanquished.

Vanquished Creatures (others)
  A tengu reaver (D:5)
  5 sheep (D:4)
6 creatures vanquished.

Grand Total: 139 creatures vanquished

Notes
Turn   | Place    | Note
--------------------------------------------------------------
     0 | D:1      | utis the Deep Elf Wizard began the quest for the Orb.
     0 | D:1      | Reached XP level 1. HP: 10/10 MP: 7/7
   562 | D:1      | Reached XP level 2. HP: 15/15 MP: 3/9
   566 | D:1      | Learned a level 2 spell: Call Imp
   569 | D:1      | Learned a level 2 spell: Blink
   572 | D:1      | Learned a level 2 spell: Slow
   728 | D:1      | Reached skill level 1 in Hexes
  1438 | D:2      | Found a shadowy altar of Dithmenos.
  1593 | D:2      | Reached XP level 3. HP: 19/19 MP: 0/10
  1914 | D:2      | Learned a level 3 spell: Mephitic Cloud
  2340 | D:2      | Found a sparkling altar of Nemelex Xobeh.
  2772 | D:3      | Reached XP level 4. HP: 24/24 MP: 9/12
  2804 | D:3      | Noticed Natasha
  2815 | D:3      | Killed Natasha
  2815 | D:3      | Reached skill level 1 in Poison Magic
  2858 | D:3      | Noticed Natasha
  2877 | D:3      | Killed Natasha
  2877 | D:3      | Reached skill level 5 in Spellcasting
  2877 | D:3      | Reached skill level 1 in Air Magic
  3405 | D:3      | Learned a level 3 spell: Conjure Flame
  3440 | D:3      | Reached XP level 5. HP: 17/28 MP: 3/14
  4064 | D:3      | Noticed Natasha
  4076 | D:3      | Killed Natasha
  4076 | D:3      | Reached skill level 1 in Fire Magic
  4496 | D:3      | Found a basalt altar of Yredelemnul.
  4879 | D:3      | Reached skill level 6 in Spellcasting
  4879 | D:3      | Reached XP level 6. HP: 20/32 MP: 1/17
  5259 | D:4      | Noticed Grinder
  5262 | D:4      | Paralysed by Grinder for 5 turns
  5305 | D:4      | Paralysed by Grinder for 2 turns
  5336 | D:4      | Paralysed by Grinder for 2 turns
  5336 | D:4      | Killed Grinder
  5336 | D:4      | Reached skill level 1 in Fighting
  5611 | D:4      | Found a snail-covered altar of Cheibriados.
  5854 | D:4      | Found an ancient bone altar of Kikubaaqudgha.
  6106 | D:4      | Noticed Sigmund
  6124 | D:4      | Killed Sigmund
  6124 | D:4      | Reached skill level 5 in Dodging
  6124 | D:4      | Reached XP level 7. HP: 38/40 MP: 13/18
  6313 | D:4      | Found a shimmering altar of Xom.
  6770 | D:5      | Entered Level 5 of the Dungeon
  6848 | D:5      | Noticed Eustachio
  6945 | D:5      | Noticed Duffy's ghost (novice VSAs)
  7001 | D:5      | Found a blossoming altar of Fedhas.
  7193 | D:5      | Killed Duffy's ghost
  7220 | D:5      | Noticed Prince Ribbit
  8007 | D:5      | Reached XP level 8. HP: 44/48 MP: 12/19
  8444 | D:5      | Killed Eustachio
  8735 | D:5      | Reached skill level 7 in Dodging
  9127 | D:5      | Found an oddly glowing altar of Pakellas.
  9128 | D:5      | Noticed a tengu reaver
  9142 | D:5      | Killed a tengu reaver
  9196 | D:5      | Found a glowing golden altar of the Shining One.
  9917 | D:5      | Killed Prince Ribbit
  9917 | D:5      | Reached skill level 5 in Fighting
  9917 | D:5      | Reached skill level 8 in Dodging
 10127 | D:6      | Found Requang's Armour Shop.
 10135 | D:6      | Bought a +0 pair of boots of stealth for 172 gold pieces
 10259 | D:6      | Reached skill level 1 in Short Blades
 10668 | D:6      | Noticed Blork the orc
 10803 | D:6      | Killed Blork the orc
 11185 | D:6      | HP: 2/49 [something (1)]
 11185 | D:6      | Slain by a sky beast

Vault maps used:
D:1:      roderic_chinese_lattice_arrival, minmay_misc_feat_rugged, st_stairs_12
D:2:      nemelex_altar_shiori, overflow_temple_1_default, first_bread
D:3:      hangedman_decor_points, yredelemnul_altar_generic, uniq_natasha
D:4:      kiku_gazebo_garden_becter, overflow_temple_1_default,
          kb_xom_exploding_sheep, uniq_sigmund, uniq_grinder
D:5:      nicolae_tso_swordbearing_angel, fedhas_altar_2,
          gammafunk_pakellas_spire_experiment, hangedman_decor_riveting,
          kennysheep_opposing_triangles, uniq_eustachio, uniq_prince_ribbit1
D:6:      serial_shops, nicolae_shop_trees, uniq_blork_the_orc

Action                   |  1- 3 |  4- 6 |  7- 9 || total
-------------------------+-------+-------+-------++-------
Melee: Dagger            |     6 |    34 |   166 ||   206
 Cast: Magic Dart        |   109 |   103 |   107 ||   319
       Slow              |     4 |     7 |    16 ||    27
       Mephitic Cloud    |       |    13 |    28 ||    41
       Call Imp          |       |    10 |    13 ||    23
  Use: Scroll            |     1 |     3 |     1 ||     5
 Stab: Sleeping          |     1 |       |     1 ||     2
       Confused          |       |     9 |     6 ||    15
  Eat: Chunk             |     5 |     8 |    14 ||    27
       Fruit             |       |     3 |       ||     3
